 Dungeon Crawl Stone Soup version 0.26.1-11-gd32895ea62 (webtiles) character file.

Game seed: 12540375908224805579

18 promet the Sneak (level 2, 0/16 HPs)
             Began as a Kobold Enchanter on June 30, 2021.
             Succumbed to an adder's poison
             ... on level 2 of the Dungeon.
             The game lasted 00:05:39 (1435 turns).

promet the Sneak (Kobold Enchanter)                 Turns: 1435, Time: 00:05:40

Health: 0/16       AC:  2    Str:  5    XL:     2   Next: 85%
Magic:  0/5        EV: 15    Int: 16    God:
Gold:   60         SH:  0    Dex: 15    Spells: 2/5 levels left

rFire    . . .     SeeInvis .   a - +0 short sword
rCold    . . .     Faith    .   (shield restricted)
rNeg     . . .     Spirit   .   b - +0 robe
rPois    .         Reflect  .   (no helmet)
rElec    .         Harm     .   (no cloak)
rCorr    .         Rampage  .   (no gloves)
Will     .....                  (no boots)
Stlth    ++++......             (no amulet)
HPRegen  0.05/turn              (no ring)
MPRegen  0.09/turn              (no ring)

@: lethally poisoned (0 -> -8)
A: small, nightstalker 3
a: no special abilities


You were on level 2 of the Dungeon.
You visited 1 branch of the dungeon, and saw 2 of its levels.

You collected 60 gold pieces.

Inventory:

Hand Weapons
 a - a +0 short sword (weapon)
 h - a +1 dagger
 m - a +0 antimagic whip
Missiles
 e - 57 stones
 f - 26 poisoned darts
 g - 43 bolts
Armour
 b - a +0 robe (worn)
 j - a +0 leather armour
Jewellery
 i - an uncursed amulet of guardian spirit {unknown}
 k - an uncursed amulet of magic regeneration {unknown}
Scrolls
 d - a scroll of teleportation
 l - a scroll of enchant weapon {unknown}
 n - a scroll of identify
Potions
 c - a potion of cancellation


   Skills:
 * Level 0.4 Fighting
 + Level 1.3 Short Blades
 + Level 2.4 Dodging
 + Level 4.6 Stealth
 + Level 2.3 Spellcasting
 + Level 3.3 Hexes


You had 2 spell levels left.
You knew the following spells:

 Your Spells              Type           Power        Failure   Level
a - Corona                Hex            13%          4%          1
b - Ensorcelled Hibernat  Hex/Ice        14%          16%         2

Your spell library contained the following spells:

 Spells                   Type           Power        Failure   Level
 Confusing Touch          Hex            12%          16%         3
 Tukima's Dance           Hex            12%          16%         3
 Dazzling Flash           Conj/Hex       14%          30%         3


Dungeon Overview and Level Annotations

Branches:
Dungeon (2/15)

Altars:
Cheibriados
Fedhas
Okawaru
Trog
Uskayaw
Vehumet


Innate Abilities, Weirdness & Mutations

You are small and have problems with some larger weapons.
You are completely attuned to the shadows.


Message History

The adder misses you. The adder bites you.
You barely miss the adder.
The adder is heavily wounded.
The adder stops glowing.
The adder bites you.
* * * LOW HITPOINT WARNING * * *
You are lethally poisoned!
The adder poisons you!
You completely miss the adder.
The adder is heavily wounded.
* * * LOW HITPOINT WARNING * * *
You feel sick. The adder barely misses you.
You closely miss the adder.
The adder is heavily wounded.
The adder bites you.
* * * LOW HITPOINT WARNING * * *
The adder closely misses you.
Your magical contamination has completely faded away.
You hit the adder.
The adder is almost dead.
You die...

#......
###....
########..
#........# #
...
###.########
#. .. #...#
##.##.
##.###
....S# #..#
....@####.##
.....##...#
........###
.....####
.....#
<....#
######


You could see an adder.

Vanquished Creatures
  A dart slug (D:1)
  A leopard gecko (D:1)
  A giant cockroach (D:1)
  A goblin (D:1)
  2 hobgoblins
  2 bats
  2 frilled lizards (D:1)
  3 kobolds (D:1)
  2 rats (D:1)
15 creatures vanquished.

Notes
Turn   | Place    | Note
-------+----------+-------------------------------------------
     0 | D:1      | promet the Kobold Enchanter began the quest for the Orb.
     0 | D:1      | Reached XP level 1. HP: 10/10 MP: 3/3
   395 | D:1      | Reached XP level 2. HP: 13/15 MP: 3/5
   461 | D:1      | Learned a level 2 spell: Ensorcelled Hibernation
  1345 | D:2      | Found a blossoming altar of Fedhas.
  1345 | D:2      | Found an iron altar of Okawaru.
  1347 | D:2      | Found a radiant altar of Vehumet.
  1350 | D:2      | Found a snail-covered altar of Cheibriados.
  1352 | D:2      | Found a bloodstained altar of Trog.
  1355 | D:2      | Found a hide-covered altar of Uskayaw.
  1435 | D:2      | Succumbed to an adder's poison

Illustrated notes

Levels and vault maps discovered:
D:1:      saegor_arrival_simple_d, layout_loops_cross
D:2:      layout_rooms, grunt_temple_overflow_open,
          amcnicky_mini_rare_corridor_liquid

Action                   || total
-------------------------++-------
Melee: Dagger            ||    20
       Short sword       ||    25
 Cast: Corona            ||     6
       Ensorcelled Hiber ||     1
  Use: Scroll            ||     5
       Potion            ||     2
 Stab: Sleeping          ||     6
Armor: Robe              ||     2
Dodge: Dodged            ||    26
